 Dungeon Crawl Stone Soup version 0.22-a0-252-gcace5d2 (webtiles) character file.

60 Zwobot the Skirmisher (level 3, 0/29 HPs)
             Began as a Demonspawn Fighter on Mar 1, 2018.
             Succumbed to an adder's poison
             ... on level 3 of the Dungeon.
             The game lasted 00:02:57 (1424 turns).

Zwobot the Skirmisher (Demonspawn Fighter)          Turns: 1424, Time: 00:02:58

Health: 0/29       AC:  7    Str: 22    XL:     3   Next: 80%
Magic:  3/3        EV:  7    Int: 14    God:
Gold:   85         SH:  9    Dex: 12    Spells: 2/2 levels left

rFire    . . .     SeeInvis .   a - +0 flail
rCold    + . .     Gourm    .   c - +0 shield
rNeg     . . .     Faith    .   b - +0 scale mail
rPois    .         Spirit   .   i - +0 hat
rElec    .         Reflect  .   (no cloak)
rCorr    .         Harm     .   j - +0 pair of gloves
MR       .....                  (no boots)
Stlth    ..........             (no amulet)
HPRegen  0.09/turn              (no ring)
MPRegen  0.08/turn              (no ring)

@: mighty, brilliant, lethally poisoned (0 -> -9)
A: cold resistance 1
a: no special abilities


You were on level 3 of the Dungeon.
You were not hungry.

You visited 1 branch of the dungeon, and saw 3 of its levels.

You collected 85 gold pieces.

Inventory:

Hand Weapons
 a - a +0 flail (weapon)
 k - a +1 dagger of venom
Missiles
 e - 33 stones (quivered)
Armour
 b - a +0 scale mail (worn)
 c - a +0 shield (worn)
 i - a +0 hat (worn)
 j - a +0 pair of gloves (worn)
Comestibles
 f - a ration
 g - 3 chunks of flesh


   Skills:
 + Level 3.6 Fighting
 * Level 3.2 Maces & Flails
 - Level 2.8 Armour
 - Level 2.6 Shields


You had 2 spell levels left.
You didn't know any spells.

Dungeon Overview and Level Annotations

Branches:
Dungeon (3/15)

Altars:
Nemelex Xobeh


Innate Abilities, Weirdness & Mutations

Your flesh is cold resistant. (rC+)


Message History

* * * LOW HITPOINT WARNING * * *
You feel sick.
Found a stone staircase leading up.
There is a stone staircase leading down, spattered with blood here.
You see here a frilled lizard corpse.
You aren't carrying any potions.
You aren't carrying any scrolls.
* * * LOW HITPOINT WARNING * * *
You feel sick.
You climb downwards.
You hear the sound of rushing water.
There is an entrance to a sewer on this level.
Hurry and find it before the portal rusts away!
* * * LOW HITPOINT WARNING * * *
You feel sick.
Found a silver ring.
There is a stone staircase leading up here.
An adder and a rat come into view.
Found a hand axe.
A leopard gecko comes into view.
You die...

## #.. #.# ## #.#
.. #.# .
#########.#.##+##
.......<#.#...)..
#######..........
........@.......
######...=......
#..........
....##+#....
#....# ... #.S.r.
.. #..... . .l...


You could see an adder, a leopard gecko (sleeping) and a rat.

Vanquished Creatures
  2 adders (D:2)
  An ooze (D:1)
  2 dart slugs
  A leopard gecko (D:1)
  2 giant cockroaches
  5 hobgoblins
  5 kobolds
  A ball python (D:1)
  3 bats
  3 frilled lizards
  4 goblins
  4 rats
33 creatures vanquished.

Notes
Turn   | Place    | Note
-------+----------+-------------------------------------------
     0 | D:1      | Zwobot the Demonspawn Fighter began the quest for the Orb.
     0 | D:1      | Reached XP level 1. HP: 18/18 MP: 1/1
   142 | D:1      | Gained mutation: Your flesh is cold resistant. (rC+) [demonic ancestry]
   142 | D:1      | Reached XP level 2. HP: 22/24 MP: 2/2
   209 | D:1      | Found a sparkling altar of Nemelex Xobeh.
  1003 | D:2      | Reached XP level 3. HP: 29/29 MP: 3/3
  1422 | D:3      | HP: 1/29 [poisoned by an adder]
  1424 | D:3      | Succumbed to an adder's poison

Vault maps used:
D:1:      lemuel_arrival_tunnels, st_stairs_1, glass_columns_b,
          nemelex_diamond_rough_becter
D:2:      first_ration
D:3:      cheibrodos_sewer_entry_sluice

Skill      XL: |  1  2  3 |
---------------+----------+-----
Maces & Flails | 2 3 |  3.2
Fighting       | |  3.6
Armour         | |  2.8
Shields        | |  2.6

Action                   || total
-------------------------++-------
Melee: Flail             ||   124
  Use: Scroll            ||     2
       Potion            ||     2
  Eat: Chunk             ||     2
Armor: Scale mail        ||    55
Dodge: Dodged            ||    27
Block: Shield            ||    50

Table legend:
 A = Spawn XP
 B = Non-spawn XP
 C = Spawn XP percentage of total XP
 D = Spawn monster count
 E = Non-spawn monster count
 F = Spawn count percentage of total count
 G = Total turns spent on level
                    A         B        C        D         E        F      G
               +---------+---------+-------+---------+---------+-------+---------
         Total |       0 |      86 |   0.0 |       0 |      33 |   0.0 |  1424
               +---------+---------+-------+---------+---------+-------+---------
           D:1 |       0 |      38 |   0.0 |       0 |      19 |   0.0 |   939
           D:2 |       0 |      48 |   0.0 |       0 |      14 |   0.0 |   483
               +---------+---------+-------+---------+---------+-------+---------
